 Dungeon Crawl Stone Soup version 0.22-a0-558-gc224181 (webtiles) character file.

1584 robertstho the Archer (level 8, 0/67 HPs)
             Began as a Centaur Hunter on June 26, 2018.
             Was a Follower of Okawaru.
             Succumbed to a killer bee's poison
             ... on level 7 of the Dungeon.
             The game lasted 00:20:42 (6709 turns).

robertstho the Archer (Centaur Hunter)              Turns: 6709, Time: 00:20:43

Health: 0/67       AC:  8    Str: 19    XL:     8   Next: 61%
Magic:  8/8        EV: 11    Int: 10    God:    Okawaru [*.....]
Gold:   288        SH:  0    Dex: 16    Spells: 7/7 levels left

rFire    . . .     SeeInvis .   l - +1 spear (pierce)
rCold    . . .     Gourm    +   (no shield)
rNeg     + . .     Faith    .   y - +1 robe {rN+}
rPois    .         Spirit   .   g - +2 helmet
rElec    .         Reflect  .   (no cloak)
rCorr    .         Harm     .   (no gloves)
MR       .....                  (no barding)
Stlth    +.........             m - amulet of the gourmand
HPRegen  0.21/turn              k - +3 ring of dexterity
MPRegen  0.11/turn              i - ring of flight

@: mighty, lethally poisoned (0 -> -15), about to teleport, very quick
A: large, hooves 3, deformed body, speed 2, tough skin 3
a: Heroism, Renounce Religion, Evoke Flight


You were on level 7 of the Dungeon.
You worshipped Okawaru.
Okawaru was aware of your devotion.
You were completely stuffed.

You visited 2 branches of the dungeon, and saw 8 of its levels.

You collected 288 gold pieces.

Inventory:

Hand Weapons
 a - a +1 shortbow
 b - a +0 short sword
 l - a +1 spear of piercing (weapon)
 n - a +0 scimitar
Missiles
 d - 40 arrows
Armour
 c - a +0 leather armour
 g - a +2 helmet (worn)
 w - the +4 robe of Augmentation {Str+4 Int+4 Dex+4}
   (You found it on level 5 of the Dungeon)

   It affects your strength (+4).
   It affects your intelligence (+4).
   It affects your dexterity (+4).
 y - a +1 robe of positive energy (worn)
Jewellery
 i - a ring of flight (right hand)
 k - a +3 ring of dexterity (left hand)
 m - an amulet of the gourmand (around neck)
Scrolls
 e - 2 scrolls of immolation
 h - a scroll of enchant armour
 o - a scroll of summoning {unknown}
 q - 2 scrolls of fog {unknown}
 r - 4 scrolls of remove curse
 t - 4 scrolls of identify
 u - a scroll of teleportation
 x - a scroll of amnesia {unknown}
Potions
 j - 3 potions of mutation
Comestibles
 f - 8 rations
 p - 2 chunks of flesh


   Skills:
 + Level 4.5 Fighting
 + Level 2.1 Short Blades
 * Level 12.0 Bows
 + Level 0.8 Armour
 * Level 3.4 Dodging
 + Level 0.6 Stealth


You had 7 spell levels left.
You didn't know any spells.
Your spell library contained the following spells:

 Spells                   Type           Power        Failure   Level  Hunger
 Animate Dead             Necr           N/A          98%         4    #####..
 Pain                     Necr           #...         36%         1    ##.....
 Animate Skeleton         Necr           N/A          36%         1    ##.....
 Vampiric Draining        Necr           #.........   75%         3    ####...
 Regeneration             Chrm/Necr      #.........   75%         3    ####...
 Spider Form              Tmut/Pois      #.........   75%         3    ####...
 Blade Hands              Tmut           #.........   100%        5    ######.
 Ice Form                 Ice/Tmut       #.......     98%         4    #####..
 Sticks to Snakes         Tmut           #.......     50%         2    ###....
 Beastly Appendage        Tmut           #.....       36%         1    ##.....


Dungeon Overview and Level Annotations

Branches:
Dungeon (7/15)             Temple (1/1) D:5

Altars:
Ashenzari
Cheibriados
Dithmenos
Elyvilon
Gozag
Kikubaaqudgha
Nemelex Xobeh
Okawaru
Sif Muna
Trog
Uskayaw
Vehumet
Wu Jian
Xom
Yredelemnul
Zin

Shops:
D:4 (


Innate Abilities, Weirdness & Mutations

You have hooves in place of feet.
Armour fits poorly on your strangely shaped body.
You cover ground very quickly.
You have extremely tough skin. (AC +3)


Message History

The killer bee stings you!
* * * LOW HITPOINT WARNING * * *
You are more poisoned.
The killer bee poisons you!
* * * LOW HITPOINT WARNING * * *
You feel sick.
The killer bee stings you but does no damage.
The phantom blinks!
The killer bee stings you.
* * * LOW HITPOINT WARNING * * *
Okay, then.
As you read the scroll of teleportation, it crumbles to dust.
You feel strangely unstable.
* * * LOW HITPOINT WARNING * * *
You feel sick. The killer bee barely misses you. x3
The killer bee misses you.
* * * LOW HITPOINT WARNING * * *
You feel sick.
The phantom blinks!
* * * LOW HITPOINT WARNING * * *
You feel sick. The killer bee barely misses you.
You die...

#....####
.....##.# ####
#.# ###(#
###...#
###....h#
......yy#
........####
###.....@..#
########......
#####


You could see a hound and 2 killer bees.

Vanquished Creatures
  Eustachio (D:5)
  2 orc warriors (D:6)
  An ice beast (D:5)
  2 ogres (D:4)
  A bullfrog (D:6)
  A scorpion (D:4)
  3 killer bees (D:7)
  2 crimson imps
  3 hounds
  A quasit (D:5)
  A gnoll shaman (D:5)
  2 orc priests (D:6)
  3 orc wizards
  A worker ant (D:5)
  2 worker ant zombies (D:7)
  14 gnolls
  8 adders
  A shadow imp (D:6)
  2 oozes
  7 worms
  A dart slug (D:2)
  2 leopard geckos
  18 orcs
  8 giant cockroaches
  9 goblins
  10 hobgoblins
  4 jackals (D:2)
  11 kobolds
  4 quokkas
  A ball python (D:1)
  A ball python skeleton (D:4)
  6 bats
  2 frilled lizards
  2 quokka skeletons (D:6)
  5 rats
142 creatures vanquished.

Notes
Turn   | Place    | Note
-------+----------+-------------------------------------------
     0 | D:1      | robertstho the Centaur Hunter began the quest for the Orb.
     0 | D:1      | Reached XP level 1. HP: 17/17 MP: 1/1
   461 | D:1      | Reached XP level 2. HP: 24/24 MP: 2/2
   764 | D:1      | Reached skill level 6 in Bows
   929 | D:2      | Found a basalt altar of Yredelemnul.
   983 | D:2      | Reached XP level 3. HP: 29/29 MP: 3/3
  1462 | D:3      | Reached XP level 4. HP: 36/36 MP: 4/4
  1467 | D:3      | Reached skill level 7 in Bows
  1809 | D:3      | Reached XP level 5. HP: 36/42 MP: 5/5
  1886 | D:3      | Found a shadowy altar of Dithmenos.
  1922 | D:3      | Reached skill level 8 in Bows
  2154 | D:3      | Found a white marble altar of Elyvilon.
  2465 | D:4      | Found a sparkling altar of Nemelex Xobeh.
  2522 | D:4      | Noticed an ogre
  2529 | D:4      | Killed an ogre
  2529 | D:4      | Reached XP level 6. HP: 50/50 MP: 6/6
  2599 | D:4      | Reached skill level 9 in Bows
  2812 | D:4      | Found Ynkuli's Antique Weapon Shoppe.
  2895 | D:4      | Found a shimmering altar of Xom.
  3346 | D:5      | Entered Level 5 of the Dungeon
  3411 | D:5      | Found the +4 robe of Augmentation {Str+4 Int+4 Dex+4}
  3456 | D:5      | Reached XP level 7. HP: 32/57 MP: 7/7
  3458 | D:5      | Noticed Eustachio
  4095 | D:5      | Reached skill level 10 in Bows
  4130 | D:5      | Found a shattered altar of Ashenzari.
  4163 | D:5      | Found a staircase to the Ecumenical Temple.
  5010 | D:5      | Reached skill level 1 in Short Blades
  5204 | Temple   | Entered the Ecumenical Temple
  5212 | Temple   | Became a worshipper of Warmaster Okawaru
  5580 | D:5      | Killed Eustachio
  5580 | D:5      | Reached XP level 8. HP: 47/63 MP: 8/8
  5746 | D:6      | Found a deep blue altar of Sif Muna.
  6005 | D:6      | Reached skill level 11 in Bows
  6035 | D:6      | Reached * piety under Okawaru
  6282 | D:6      | Found a snail-covered altar of Cheibriados.
  6700 | D:7      | Reached skill level 12 in Bows
  6706 | D:7      | HP: 2/67 [poisoned by a killer bee]
  6709 | D:7      | Succumbed to a killer bee's poison

Vault maps used:
D:1:      sevenhm_arrival_forest_fort_large_4
D:2:      palyth_stone_intersect, yredelemnul_altar_generic
D:3:      old_standard_altar, grunt_dithmenos_smoke, first_ration, hex_large
D:4:      nemelex_xobeh_ov_fountains_minmay, lemuel_crystal_altar, serial_shops,
          shop
D:5:      ashenzari_altar_1, minmay_temple_entry_junction, uniq_eustachio
D:6:      kennysheep_little_box, lemuel_tele_altar
D:7:      lemuel_coloured_pillars_altar
Temple:   eino_temple_lava

Skill      XL: |  1  2  3  4  5  6  7  8 |
---------------+-------------------------+-----
Bows           | 6 7 8 9 10 12 | 12.0
Dodging        | 2 3 |  3.4
Fighting       | 3 4 |  4.5
Short Blades   | 2 |  2.1
Armour         | |  0.8
Stealth        | |  0.6

Action                   |  1- 3 |  4- 6 |  7- 9 || total
-------------------------+-------+-------+-------++-------
Melee: Short sword       |     1 |       |   150 ||   151
       Kick              |       |       |    29 ||    29
       Spear             |       |       |    36 ||    36
 Fire: Shortbow          |   148 |   204 |   206 ||   558
  Use: Scroll            |       |     4 |     8 ||    12
       Potion            |       |     3 |     8 ||    11
  Eat: Chunk             |     1 |     4 |    10 ||    15
       Ration            |       |       |     2 ||     2
Armor: Leather armour    |    21 |    18 |       ||    39
       Skin              |       |    17 |   192 ||   209
       Robe              |       |       |    15 ||    15
Dodge: Dodged            |    32 |    39 |   272 ||   343

Table legend:
 A = Spawn XP
 B = Non-spawn XP
 C = Spawn XP percentage of total XP
 D = Spawn monster count
 E = Non-spawn monster count
 F = Spawn count percentage of total count
 G = Total turns spent on level
                    A         B        C        D         E        F      G
               +---------+---------+-------+---------+---------+-------+---------
         Total |       0 |    2263 |   0.0 |       0 |     142 |   0.0 |  6709
               +---------+---------+-------+---------+---------+-------+---------
           D:1 |       0 |      19 |   0.0 |       0 |      12 |   0.0 |   847
           D:2 |       0 |      74 |   0.0 |       0 |      32 |   0.0 |   590
           D:3 |       0 |     259 |   0.0 |       0 |      39 |   0.0 |   927
           D:4 |       0 |     331 |   0.0 |       0 |      10 |   0.0 |  1662
           D:5 |       0 |     766 |   0.0 |       0 |      25 |   0.0 |  1580
           D:6 |       0 |     555 |   0.0 |       0 |      18 |   0.0 |   980
           D:7 |       0 |     259 |   0.0 |       0 |       6 |   0.0 |   107
               +---------+---------+-------+---------+---------+-------+---------
